 Dungeon Sprint DCSS version 0.17-a0-2070-g2a5e0a8 (webtiles) character file.

14936 Ordine the Ninja (level 11, -3/42 HPs)
             Began as a Spriggan Enchanter on Oct 12, 2015.
             Was the Champion of Dithmenos.
             Killed by triggering an arrow trap (7 damage)
             ... in the Dungeon (Sprint I: "Red Sonja") on Oct 13, 2015.
             The game lasted 00:21:07 (2252 turns).

Ordine the Ninja (Spriggan Enchanter)               Turns: 2252, Time: 00:21:07

Health: -3/42      AC:  8    Str:  4    XL:     11   Next: 95%
Magic:  26/26      EV: 18    Int: 19    God:    Dithmenos [******]
Gold:   1302       SH:  3    Dex: 16    Spells: 4 memorised, 21 levels left

rFire  . . .     SeeInvis +     l - +1 dagger (speed)
rCold  . . .     Clarity  .     i - +3 robe of Clouds {+Fly rElec}
rNeg   + . .     SustAt   +     (shield restricted)
rPois  .         Gourm    .     (helmet restricted)
rElec  +         Spirit   .     (no cloak)
rCorr  .         Warding  .     (gloves unavailable)
rMut   .         NoTele   +     (boots unavailable)
MR     +....                    (no amulet)
Stlth  ++++++++++               n - ring of sustain attributes
                                c - ring of Shadows {Umbra +Inv rN+ SInv}

@: very slightly contaminated, wreathed by umbra, very quick, somewhat resistant
to hostile enchantments, uncannily stealthy
A: unfitting armour, horns 1, talons 2, large bone plates 2, see invisible,
clumsy 1, herbivore 3, speed 3, frail 1, slow metabolism 2
a: Shadow Step, Shadow Form, Renounce Religion, Evoke Invisibility, Evoke Flight


You were in the Dungeon.
You worshipped Dithmenos.
Dithmenos was exalted by your worship.
You were full.

You visited 1 branch You collected 3006 gold pieces.
You spent 1704 gold pieces at shops.

Inventory:

Hand Weapons
 l - a +1 dagger of speed (weapon)
Armour
 i - the +3 robe of Clouds (worn) {+Fly rElec}
   (You bought it in a shop in the Dungeon)

   It insulates you from electricity.
   It lets you fly.
Jewellery
 c - the ring of Shadows (left hand) {Umbra +Inv rN+ SInv}
   (You bought it in a shop in the Dungeon)

   [ring of invisibility]

   It protects you from negative energy.
   It lets you see invisible.
   It lets you turn invisible.
 n - a ring of sustain attributes (right hand)
Wands
 e - a wand of digging (17)
 o - a wand of disintegration (13)
Scrolls
 a - 2 scrolls of enchant armour
 j - a scroll of blinking
 m - a scroll of magic mapping
Potions
 g - a potion of haste
 h - 2 potions of magic
 k - a potion of invisibility
Comestibles
 d - 2 bread rations
 f - 4 fruits


   Skills:
 - Level 10.1 Short Blades
 - Level 3.0 Dodging
 O Level 27 Stealth
 - Level 10.2 Spellcasting
 - Level 10.6 Hexes
 - Level 8.5 Invocations
 + Level 18.8 Evocations


You had 21 spell levels left.
You knew the following spells:

 Your Spells              Type           Power        Failure   Level  Hunger
a - Corona                Hex            ######.      1%          1    None
b - Ensorcelled Hibernat  Hex/Ice        ####..       1%          2    None
c - Confuse               Hex            ######..     1%          3    None
d - Dazzling Spray        Conj/Hex       ####....     2%          3    None


Dungeon Overview and Level Annotations

Branches:
Dungeon (1/1)

Altars:
Cheibriados
Dithmenos
Elyvilon
Fedhas
Gozag
Kikubaaqudgha
Makhleb
Nemelex Xobeh
Okawaru
Qazlal
Ru
Sif Muna
Trog
Vehumet
Xom
Yredelemnul
Zin
The Shining One
Jiyva

Shops:
D (!?[!*%(%?![(*([%}


Innate Abilities, Weirdness & Mutations

You are tiny and cannot use many weapons and most armour.
You have supernaturally acute eyesight.
You are a herbivore.
You cover ground extremely quickly.
You need consume almost no food.
You have a pair of small horns on your head.
You have razor-sharp toenails.
You are mostly covered in large bone plates (AC +3, SH +3).
You are clumsy. (Dex -2)
You are frail (-10% HP).


Message History

Okay, then.
Unknown command.
Unknown command.
Really walk into that cloud of steam?
Okay, then.
You start resting.
You are engulfed in a cloud of scalding steam.
* * * LOW HITPOINT WARNING * * *
You are engulfed in a cloud of scalding steam.
* * * LOW HITPOINT WARNING * * *
You are engulfed in a cloud of scalding steam.
* * * LOW HITPOINT WARNING * * *
There is an open door here.
You're standing in a cloud of steam!
Read which item? (? for menu, Esc to quit)
Blink to where?
Press: ? - help, Dir - move target cursor Really blink into that arrow trap?
An arrow shoots out and hits you!
You die...

########################*********
#§§.†'§††§.†'†§#§§§§§§$#,,,,,,,,,
#§####§§§§§##.§§@§#§§§§##,,,,,,,,
#§#,*##§§§#######+#§§§§$#####,,,,
§§#+*,###+#,,,**,,#§§$§§#...#,,,,
###,,,*,#§#*,,,*,,##$§.§#.∩§#,,,,
.(#,,,**#§§###$#,,≈###§##§..#,,,,
.§+,,,,,##.#A#$#,,≈,,#.####'#,,,,
§§#,,,,,*,.###$#,,≈,##§#§§§.##,,,
§.#**++**,##..$#,,≈##§§§§§§§.##,,
§##*,,***,,*+###,,≈#§§^§§§^§..#,,


There were no monsters in sight!

Vanquished Creatures
  A golden dragon (D)
  A shadow dragon (D)
  A hydra (D)
  2 centaur warriors (D)
  Sonja (D)
  2 unseen horrors (D)
  A deep troll (D)
  A lindwurm (D)
  An oklob plant (D)
  A gargoyle (D)
  4 demonic crawlers (D)
  2 kobold demonologists (D)
  A slime creature (D)
  Sigmund (D)
  4 trapdoor spiders (D)
  A yak (D)
  13 hogs (D)
  7 necrophages (D)
  A wasp (D)
  An ogre (D)
  Ijyb (D)
  8 jellies (D)
  3 giant eyeballs (D)
  2 ballistomycetes (D)
  A giant spore (D)
62 creatures vanquished.

Vanquished Creatures (others)
  A gargoyle (D)
  A giant spore (D)
2 creatures vanquished.

Grand Total: 64 creatures vanquished

Notes
Turn   | Place    | Note
--------------------------------------------------------------
     0 | D        | Ordine the Spriggan Enchanter began the quest for the Orb.
     0 | D        | Reached XP level 1. HP: 9/9 MP: 5/5
     2 | D        | Noticed Ijyb
     9 | D        | Killed Ijyb
     9 | D        | Reached skill level 10 in Stealth
     9 | D        | Reached XP level 2. HP: 13/13 MP: 6/6
    36 | D        | Learned a level 2 spell: Ensorcelled Hibernation
   142 | D        | Noticed an ogre
   145 | D        | Killed an ogre
   145 | D        | Reached skill level 14 in Stealth
   145 | D        | Reached XP level 3. HP: 16/16 MP: 8/8
   145 | D        | Reached XP level 4. HP: 21/21 MP: 9/9
   150 | D        | Learned a level 3 spell: Confuse
   161 | D        | Noticed Sigmund
   164 | D        | Killed Sigmund
   164 | D        | Reached skill level 18 in Stealth
   164 | D        | Reached XP level 5. HP: 24/24 MP: 10/10
   164 | D        | Reached XP level 6. HP: 28/28 MP: 11/11
   169 | D        | Learned a level 3 spell: Dazzling Spray
   183 | D        | Found a snail-covered altar of Cheibriados.
   183 | D        | Found a viscous altar of Jiyva.
   183 | D        | Found a shadowy altar of Dithmenos.
   183 | D        | Found a blossoming altar of Fedhas.
   183 | D        | Noticed a slime creature
   195 | D        | Killed a slime creature
   195 | D        | Reached skill level 20 in Stealth
   198 | D        | Became a worshipper of Dithmenos the Shadowed
   261 | D        | Found a deep blue altar of Sif Muna.
   262 | D        | Noticed a jelly
   263 | D        | Found a radiant altar of Vehumet.
   267 | D        | Killed a jelly
   299 | D        | Found Acoiqaq's Distillery.
   299 | D        | Found a white marble altar of Elyvilon.
   299 | D        | Found a stormy altar of Qazlal.
   299 | D        | Found a burning altar of Makhleb.
   299 | D        | Found a sacrificial altar of Ru.
   299 | D        | Found a basalt altar of Yredelemnul.
   299 | D        | Found a glowing golden altar of the Shining One.
   299 | D        | Found a sparkling altar of Nemelex Xobeh.
   299 | D        | Found a shimmering altar of Xom.
   299 | D        | Found an opulent altar of Gozag.
   299 | D        | Found an ancient bone altar of Kikubaaqudgha.
   299 | D        | Found a glowing silver altar of Zin.
   299 | D        | Noticed a yak
   300 | D        | Found an iron altar of Okawaru.
   301 | D        | Killed a yak
   301 | D        | Reached skill level 21 in Stealth
   301 | D        | Reached XP level 7. HP: 32/32 MP: 12/12
   302 | D        | Found a bloodstained altar of Trog.
   306 | D        | Bought a potion of mutation for 27 gold pieces
   306 | D        | Gained mutation: You are clumsy. (Dex -2) [potion of mutation]
   306 | D        | Gained mutation: You have a pair of small horns on your head. [potion of mutation]
   314 | D        | Noticed Sonja
   318 | D        | Killed Sonja
   318 | D        | Reached skill level 24 in Stealth
   318 | D        | Reached XP level 8. HP: 36/36 MP: 13/13
   357 | D        | Found Tefienle's Weapon Boutique.
   447 | D        | Bought a potion of invisibility for 88 gold pieces
   447 | D        | Bought a potion of beneficial mutation for 385 gold pieces
   447 | D        | Gained mutation: You have sharp toenails. [potion of beneficial mutation]
   460 | D        | Noticed a deep troll
   464 | D        | Killed a deep troll
   464 | D        | Reached skill level 25 in Stealth
   474 | D        | Found Piew's Armour Emporium.
   574 | D        | Noticed a centaur warrior
   574 | D        | Noticed a centaur warrior
   576 | D        | Killed a centaur warrior
   576 | D        | Reached skill level 27 in Stealth
   576 | D        | Reached skill level 5 in Spellcasting
   576 | D        | Reached XP level 9. HP: 39/39 MP: 13/17
   577 | D        | Killed a centaur warrior
   577 | D        | Reached * piety under Dithmenos
   577 | D        | Reached skill level 10 in Spellcasting
   619 | D        | Noticed a wasp
   622 | D        | Killed a wasp
   650 | D        | Bought the +3 robe of Clouds {+Fly rElec} for 349 gold pieces
   683 | D        | Noticed an oklob plant
   685 | D        | Killed an oklob plant
   692 | D        | Noticed a trapdoor spider
   695 | D        | Killed a trapdoor spider
   755 | D        | Killed a gargoyle
   820 | D        | Noticed a trapdoor spider
   825 | D        | Noticed a trapdoor spider
   829 | D        | Killed a trapdoor spider
   832 | D        | Killed a trapdoor spider
   832 | D        | Reached ** piety under Dithmenos
   844 | D        | Noticed a trapdoor spider
   846 | D        | Killed a trapdoor spider
   846 | D        | Reached skill level 10 in Hexes
   846 | D        | Reached XP level 10. HP: 39/44 MP: 16/25
   899 | D        | Noticed an unseen horror
   899 | D        | Noticed an unseen horror
   904 | D        | Killed an unseen horror
   907 | D        | Killed an unseen horror
   919 | D        | Noticed a jelly
   919 | D        | Noticed a jelly
   936 | D        | Noticed a jelly
   936 | D        | Noticed a jelly
   936 | D        | Noticed a jelly
   936 | D        | Noticed a jelly
   936 | D        | Noticed a jelly
   937 | D        | Noticed a necrophage
   937 | D        | Noticed a necrophage
   938 | D        | Killed a jelly
   938 | D        | Reached *** piety under Dithmenos
   939 | D        | Killed a jelly
   940 | D        | Killed a jelly
   942 | D        | Killed a jelly
   947 | D        | Killed a jelly
   949 | D        | Killed a jelly
   950 | D        | Noticed a necrophage
   950 | D        | Noticed a necrophage
   950 | D        | Noticed a necrophage
   951 | D        | Killed a jelly
   951 | D        | Reached **** piety under Dithmenos
   970 | D        | Noticed a necrophage
   972 | D        | Killed a necrophage
   973 | D        | Killed a necrophage
   980 | D        | Killed a necrophage
   981 | D        | Noticed a necrophage
   991 | D        | Killed a necrophage
  1106 | D        | Killed a necrophage
  1106 | D        | Reached skill level 10 in Short Blades
  1131 | D        | Killed a necrophage
  1135 | D        | Killed a necrophage
  1146 | D        | Gained mutation: You have an increased reservoir of magic (+10% MP). [potion of mutation]
  1146 | D        | Gained mutation: You are partially covered in large bone plates (AC +2, SH +2). [potion of mutation]
  1146 | D        | Gained mutation: You have razor-sharp toenails. [potion of mutation]
  1163 | D        | Found Qoromeak's Antique Armour Shoppe.
  1163 | D        | Found Riedgh's Magic Scroll Shop.
  1163 | D        | Found Zohabi's Distillery.
  1165 | D        | Found Doowyo's General Store.
  1165 | D        | Found Irrups's Food Shop.
  1165 | D        | Found Icsamos's Weapon Shoppe.
  1165 | D        | Found Gaanlef's Food Boutique.
  1165 | D        | Found Pitar's Magic Scroll Emporium.
  1165 | D        | Found Ynut's Distillery.
  1165 | D        | Found Buklad's Antique Armour Shoppe.
  1167 | D        | Bought a scroll of magic mapping for 45 gold pieces
  1170 | D        | Found Heewni's Weapon Boutique.
  1175 | D        | Found Guxer's Weapon Emporium.
  1175 | D        | Found Tumm's Assorted Antiques.
  1178 | D        | Found Gazaept's Food Emporium.
  1182 | D        | Bought a potion of mutation for 35 gold pieces
  1182 | D        | Gained mutation: You are frail (-10% HP). [potion of mutation]
  1182 | D        | Lost mutation: You have an increased reservoir of magic (+10% MP). [potion of mutation]
  1182 | D        | Gained mutation: You are mostly covered in large bone plates (AC +3, SH +3). [potion of mutation]
  1198 | D        | Bought the ring of Shadows {Umbra +Inv rN+ SInv} for 499 gold pieces
  1201 | D        | Bought 4 fruits for 72 gold pieces
  1201 | D        | Bought a bread ration for 60 gold pieces
  1201 | D        | Bought a bread ration for 60 gold pieces
  1201 | D        | Upgraded the game from 0.17-a0-2058-g8b0eb12 to 0.17-a0-2070-g2a5e0a8
  1264 | D        | Noticed a kobold demonologist
  1265 | D        | Noticed a kobold demonologist
  1267 | D        | Killed a kobold demonologist
  1271 | D        | Killed a kobold demonologist
  1282 | D        | Noticed a demonic crawler
  1282 | D        | Noticed a demonic crawler
  1282 | D        | Noticed a demonic crawler
  1282 | D        | Noticed a demonic crawler
  1284 | D        | Killed a demonic crawler
  1284 | D        | Reached ****** piety under Dithmenos
  1285 | D        | Killed a demonic crawler
  1287 | D        | Killed a demonic crawler
  1288 | D        | Killed a demonic crawler
  1299 | D        | Noticed a gargoyle
  1315 | D        | Killed a gargoyle
  1315 | D        | Reached XP level 11. HP: 22/42 MP: 19/26
  1657 | D        | Noticed a lindwurm
  1659 | D        | Killed a lindwurm
  1670 | D        | Noticed a hog
  1670 | D        | Noticed a hog
  1670 | D        | Noticed a hog
  1670 | D        | Noticed a hog
  1670 | D        | Noticed a hog
  1670 | D        | Noticed a hog
  1670 | D        | Noticed a hog
  1670 | D        | Noticed a hog
  1670 | D        | Noticed a hog
  1672 | D        | Killed a hog
  1673 | D        | Killed a hog
  1674 | D        | Noticed a hog
  1675 | D        | Killed a hog
  1676 | D        | Killed a hog
  1678 | D        | Killed a hog
  1680 | D        | Noticed a hog
  1680 | D        | Noticed a hog
  1680 | D        | Killed a hog
  1681 | D        | Killed a hog
  1681 | D        | Reached skill level 10 in Evocations
  1683 | D        | Killed a hog
  1684 | D        | Noticed a hog
  1684 | D        | Killed a hog
  1685 | D        | Killed a hog
  1687 | D        | Killed a hog
  1688 | D        | Killed a hog
  1690 | D        | Killed a hog
  1695 | D        | Noticed a 12-headed hydra
  1697 | D        | Killed a 12-headed hydra
  1714 | D        | Noticed a daeva
  2132 | D        | Noticed a golden dragon
  2133 | D        | Noticed a shadow dragon
  2136 | D        | Killed a shadow dragon
  2136 | D        | Reached skill level 15 in Evocations
  2138 | D        | Killed a golden dragon
  2204 | D        | Found Haekkues's Gadget Shoppe.
  2223 | D        | Bought a wand of disintegration (3) for 84 gold pieces
  2252 | D        | Killed by triggering an arrow trap

Vault maps used:
D:        dungeon_sprint_1

Action                   |  1- 3 |  4- 6 |  7- 9 | 10-12 || total
-------------------------+-------+-------+-------+-------++-------
Melee: Dagger            |     5 |    10 |    32 |    67 ||   114
Throw: Stone             |       |       |     1 |       ||     1
 Cast: Confuse           |       |     1 |     7 |    13 ||    21
       Ensorcelled Hiber |       |       |       |     6 ||     6
 Abil: Evoke Invisibilit |       |       |       |     2 ||     2
       Turn Visible      |       |       |       |     1 ||     1
  Use: Potion            |     1 |       |     5 |     6 ||    12
       Scroll            |       |       |     2 |     4 ||     6
 Stab: Sleeping          |     2 |     3 |     6 |    35 ||    46
       Confused          |       |     2 |     4 |     7 ||    13
       Distracted        |       |       |       |     1 ||     1
  Eat: Bread ration      |       |       |       |     1 ||     1
